 Dungeon Crawl Stone Soup version 0.28-a0-178-ga708605c5b (webtiles) character file.

Game seed: 11486253213819107951

9396 Ezendos the Fighter (level 11, -2/127 HPs)
             Began as an Ogre Brigand on Aug 17, 2021.
             Was an Elder of Fedhas.
             Killed by an exploding ballistomycete spore (33 damage)
             ... set off by their pet
             ... on level 9 of the Dungeon.
             The game lasted 00:33:06 (15971 turns).

Ezendos the Fighter (Ogre Brigand)                 Turns: 15971, Time: 00:33:07

Health: -2/127     AC:  8    Str: 23    XL:     11   Next: 45%
Magic:  18/19      EV: 25    Int: 13    God:    Fedhas [****..]
Gold:   337        SH:  0    Dex: 12    Spells: 12/20 levels left

rFire   . . .      SeeInvis +   a - +5 quarterstaff
rCold   . . .      Faith    .   (shield currently unavailable)
rNeg    . . .      Spirit   .   J - +0 steam dragon scales
rPois   .          Reflect  .   (helmet restricted)
rElec   .          Harm     .   E - +1 cloak
rCorr   .          Rampage  .   (gloves unavailable)
Will    +....                   (boots unavailable)
Stlth   +.........              A - amulet of the acrobat
HPRegen 0.31/turn               w - +6 ring of strength
MPRegen 0.16/turn               v - ring of see invisible

@: confused, lethally poisoned (-2 -> -16), acrobatic
A: large, unfitting armour, tough skin 1
a: Renounce Religion, Wall of Briars, Grow Ballistomycete, Overgrow


You were on level 9 of the Dungeon.
You worshipped Fedhas.
Fedhas was greatly pleased with you.
You visited 1 branch of the dungeon, and saw 9 of its levels.
You also visited: Sewer and Bailey.

You collected 474 gold pieces.
You spent 137 gold pieces at shops.

Inventory:

Hand Weapons
 a - a +5 quarterstaff (weapon)
 i - a +0 spear
 l - a +1 dagger of freezing
 s - a +1 antimagic trident
 B - a +3 halberd of freezing
 C - a +2 halberd of electrocution
Missiles
 d - 43 poisoned darts
 e - 3 curare-tipped darts
 q - 87 boomerangs (quivered)
Armour
 E - a +1 cloak (worn)
 J - +0 steam dragon scales (worn)
Jewellery
 v - a ring of see invisible (right hand)
 w - a +6 ring of strength (left hand)
 A - an amulet of the acrobat (around neck)
Wands
 g - a wand of polymorph (8)
 j - a wand of iceblast (29)
 z - a wand of flame (74)
 I - a wand of charming (10)
Scrolls
 c - a scroll of torment {unknown}
 f - 5 scrolls of teleportation
 n - a scroll of fear
 o - 4 scrolls of vulnerability
 x - 4 scrolls of enchant weapon
 y - a scroll of immolation {unknown}
Potions
 h - a potion of invisibility
 k - a potion of attraction
 m - a potion of ambrosia
 p - 3 potions of curing
 r - 5 potions of brilliance
 t - 2 potions of cancellation
 u - 3 potions of might
 D - 2 potions of resistance
 F - 3 potions of magic
 G - 3 potions of haste
 H - a potion of heal wounds


   Skills:
 + Level 13.5 Fighting
 - Level 1.7 Short Blades
 + Level 0.3(3.0) Polearms
 - Level 5.0 Staves
 + Level 3.2 Throwing
 + Level 2.1 Dodging
 - Level 3.0 Stealth
 - Level 5.0 Spellcasting
 - Level 0.9 Conjurations
 - Level 5.0 Summonings
 - Level 0.7 Air Magic
 - Level 0.8 Poison Magic
 + Level 11.6 Invocations


You had 12 spell levels left.
You knew the following spells:

 Your Spells              Type           Power      Damage    Failure   Level
a - Call Imp              Summ           16%        N/A       3%          2
b - Call Canine Familiar  Summ           16%        N/A       7%          3
c - Mephitic Cloud        Conj/Pois/Air  5%         N/A       36%         3

Your spell library contained the following spells:

 Spells                   Type           Power      Damage    Failure   Level
 Summon Small Mammal      Summ           64%        N/A       2%          1
 Magic Dart               Conj           20%        1d4       13%         1
 Summon Guardian Golem    Hex/Summ       9%         N/A       21%         3
 Stone Arrow              Conj/Erth      8%         3d7       43%         3
 Ignite Poison            Fire/Tmut/Pois 3%         N/A       45%         3
 Portal Projectile        Hex/Tloc       6%         N/A       50%         3
 Animate Armour           Summ/Erth      18%        N/A       54%         4
 Leda's Liquefaction      Hex/Erth       1%         N/A       88%         4
 Bolt of Magma            Conj/Fire/Erth 2%         4d4       99%         5
 Lehudib's Crystal Spear  Conj/Erth      2%         10d2      100%        8


Dungeon Overview and Level Annotations

Branches:
Dungeon (9/15)             Temple (0/1) D:4           Sewer (visited)
 Bailey (visited)
   Lair: D:8-11         Orc: D:9-12

Altars:
Ashenzari
Fedhas
Hepliaklqana
Vehumet
Zin

Shops:
D:4 *   D:7 *

Annotations:
D:2 1 runed translucent door, exclusion: adder, Crazy Yiuf
D:4 Grinder
D:8 Erica


Innate Abilities, Weirdness & Mutations

You are too large for most types of armour.
You have tough skin. (AC +1)


Message History

You bludgeon the two-headed ogre!!
The two-headed ogre is moderately wounded.
You feel sick.
The killer bee stings your ballistomycete.
The killer bee stings your ballistomycete but does no damage.
You sock the two-headed ogre!
The two-headed ogre is heavily wounded.
You feel sick.
The two-headed ogre hits you with a +0 giant club.
The two-headed ogre closely misses you. The killer bee stings you.
You are more poisoned.
The killer bee poisons you!
You sock the two-headed ogre!
The two-headed ogre is severely wounded.
You feel very sick. The killer bee closely misses you.
The two-headed ogre closely misses you.
The two-headed ogre hits you with a +0 giant club!!
The killer bee stings you.
You are more poisoned.
The killer bee poisons you!
You hit the two-headed ogre.
The two-headed ogre is almost dead.
You feel very sick. The killer bee stings you.
The killer bee completely misses you. The two-headed ogre barely misses you.
The two-headed ogre closely misses you.
You barely miss the two-headed ogre.
The two-headed ogre is almost dead.
You feel very sick. The killer bee closely misses you.
The killer bee stings you.
You are more poisoned.
The killer bee poisons you!
The two-headed ogre hits you with a +0 giant club! x2
* * * LOW HITPOINT WARNING * * *
A ballistomycete spore comes into view.
You feel very sick.
Your ballistomycete spore explodes!
The explosion of spores engulfs you!!
You are confused.
You die...
Fedhas appreciates your contribution to the ecosystem.

......)...................
........................
................. ....
###.##....#########'#######
..#.##....###.............#
..#.........#......#####..#
..#.........#...PO.#
..#....)....#..##y.#####
..#...#'#####...@........
###.[.#))...)############
#...#...#..# #...#...#..#
#...#...#..# #######......#
## ........####.## ..
.#####.†# #..######.####.
.#####..# ##......o......


You could see a two-headed ogre and a killer bee.

Vanquished Creatures
  Pikel (D:5)
  Joseph (D:8)
  A shadow (D:6)
  5 yaks (D:5)
  A human (D:9)
  2 steam dragons
  Edmund (D:5)
  2 water moccasins
  2 orc warriors
  2 ice beasts
  A black bear (D:5)
  2 necrophages
  An ogre (D:5)
  3 centaurs
  A kobold brigand (D:9)
  6 bullfrogs
  A gnoll sergeant (D:9)
  3 killer bees (D:9)
  9 wights
  3 howler monkeys
  3 centaur zombies
  A centaur skeleton (D:7)
  A gnoll shaman (D:4)
  2 orc priests
  A jelly (D:5)
  2 iguanas
  5 orc wizards
  A howler monkey zombie (D:6)
  18 gnolls
  3 river rats (D:3)
  9 adders
  A shadow imp (D:7)
  A white imp (D:6)
  An adder skeleton (D:4)
  A worm (D:4)
  3 dart slugs
  24 orcs
  2 bats (D:1)
  6 endoplasms
  14 giant cockroaches
  12 goblins
  18 hobgoblins
  7 jackals (D:2)
  3 quokkas
  7 ball pythons
  6 frilled lizards
  12 kobolds
  2 rats
214 creatures vanquished.

Vanquished Creatures (collateral kills)
  A yak (D:4)
  A water moccasin (D:7)
  A lemure (D:5)
  A kobold brigand (D:7)
  A lava snake (D:7)
  A centaur skeleton (D:7)
  5 gnolls (Bailey)
  A white imp (D:7)
  5 kobolds
  2 ballistomycete spores (D:9)
19 creatures vanquished.

Grand Total: 233 creatures vanquished

Notes
Turn   | Place    | Note
-------+----------+-------------------------------------------
     0 | D:1      | Ezendos the Ogre Brigand began the quest for the Orb.
     0 | D:1      | Reached XP level 1. HP: 22/22 MP: 1/1
    88 | D:1      | Reached skill level 3 in Fighting
    99 | D:1      | Reached XP level 2. HP: 25/31 MP: 2/2
   225 | D:1      | Reached skill level 4 in Fighting
   804 | D:1      | Reached XP level 3. HP: 40/40 MP: 3/3
   811 | D:1      | Found a faded altar of an unknown god.
  1044 | D:2      | Found a blossoming altar of Fedhas.
  1064 | D:2      | Became a worshipper of Fedhas Madash
  1450 | D:2      | Reached skill level 5 in Fighting
  1652 | D:2      | Reached skill level 1 in Dodging
  1689 | D:2      | Found a runed translucent door.
  1690 | D:2      | Noticed Crazy Yiuf
  2454 | D:3      | Reached XP level 4. HP: 50/50 MP: 4/4
  2783 | D:3      | Reached * piety under Fedhas
  2809 | D:3      | Found a glowing drain.
  2829 | Sewer    | Entered a sewer
  3110 | Sewer    | Reached skill level 1 in Staves
  3224 | Sewer    | Reached XP level 5. HP: 52/58 MP: 5/5
  3390 | Sewer    | Reached skill level 6 in Fighting
  3390 | Sewer    | Reached XP level 6. HP: 24/68 MP: 6/6
  3645 | Sewer    | Learned a level 2 spell: Call Imp
  4215 | D:3      | Reached ** piety under Fedhas
  4225 | D:3      | Reached skill level 7 in Fighting
  4362 | D:4      | Found Gaecetef's Assorted Antiques.
  4370 | D:4      | Bought a scroll of identify for 50 gold pieces
  4370 | D:4      | Bought a scroll of fear for 87 gold pieces
  4642 | D:4      | Reached skill level 1 in Invocations
  4852 | D:4      | Found a staircase to the Ecumenical Temple.
  4860 | D:4      | Noticed Grinder
  5562 | D:5      | Entered Level 5 of the Dungeon
  5574 | D:5      | Reached XP level 7. HP: 62/78 MP: 8/8
  5640 | D:5      | Found a broken altar of Ashenzari.
  5743 | D:5      | Noticed Edmund
  5766 | D:5      | Killed Edmund
  5767 | D:5      | Reached skill level 1 in Spellcasting
  5767 | D:5      | Reached skill level 1 in Summonings
  6329 | D:5      | Reached XP level 8. HP: 83/88 MP: 9/11
  6547 | D:5      | Reached skill level 8 in Fighting
  6642 | D:5      | Noticed Pikel
  6679 | D:5      | Killed Pikel
  7276 | D:5      | Noticed a yak
  7276 | D:5      | Noticed a yak
  7276 | D:5      | Noticed a yak
  7276 | D:5      | Noticed a yak
  7276 | D:5      | Noticed a yak
  7276 | D:5      | Noticed a yak
  7287 | D:5      | Killed a yak
  7288 | D:5      | Reached skill level 5 in Staves
  7367 | D:4      | Killed a yak
  7368 | D:4      | Reached skill level 9 in Fighting
  7760 | D:5      | Found a glowing silver altar of Zin.
  7936 | D:5      | Killed a yak
  7937 | D:5      | Reached XP level 9. HP: 47/100 MP: 14/16
  8226 | D:5      | Reached skill level 5 in Spellcasting
  8601 | D:5      | Reached skill level 10 in Fighting
  8868 | D:6      | Reached skill level 5 in Summonings
  9096 | D:6      | Learned a level 3 spell: Call Canine Familiar
  9170 | D:6      | Noticed a skeletal warrior
  9365 | D:6      | Reached skill level 11 in Fighting
 10046 | D:6      | Reached skill level 12 in Fighting
 10451 | D:7      | Found a hazy altar of Hepliaklqana.
 10481 | D:7      | Reached *** piety under Fedhas
 10588 | D:7      | Found a radiant altar of Vehumet.
 10624 | D:7      | Found Paolois's Overcharged Wands.
 10915 | D:7      | Reached XP level 10. HP: 115/117 MP: 12/17
 11432 | D:7      | Reached skill level 13 in Fighting
 12114 | D:8      | Noticed Joseph
 12127 | D:8      | Found a flagged portal.
 12153 | Bailey   | Entered a bailey
 12181 | Bailey   | Learned a level 3 spell: Mephitic Cloud
 12558 | Bailey   | Reached **** piety under Fedhas
 13399 | D:8      | Noticed Erica
 13557 | D:8      | Reached XP level 11. HP: 90/127 MP: 8/19
 13561 | D:8      | Killed Joseph
 15950 | D:9      | Noticed a two-headed ogre
 15971 | D:9      | Killed by an exploding ballistomycete spore... set off by
                  | their pet

Illustrated notes

Levels and vault maps discovered:
D:1:      dpeg_arrival_simpleton_b, layout_basic,
          dreamdust_ecumenical_altar_angels_and_demons
D:2:      layout_loops_corners, basic_altar, uniq_crazy_yiuf_cottage
D:3:      minmay_roachtagon, layout_basic, gup_sewer_entry_bubbles,
          kennysheep_generic_room_8
D:4:      layout_loops_ring, temple_green, serial_shops, shop, uniq_grinder
D:5:      layout_gridville, kennysheep_mini_moat, lemuel_doored_altar,
          abandoned_shop, uniq_pikel, uniq_edmund
D:6:      layout_rooms, dk_noncrumbling_3, kb_rosetta
D:7:      layout_basic, mainiacjoe_overflow_catch_the_wave,
          nicolae_shop_overcharged_wands
D:8:      minmay_evil_eye, layout_cave_pods, enter_bailey_5, uniq_erica,
          uniq_joseph
D:9:      layout_stronghold, erik_orc_4, chequers_serial_rivers_micro_c

Skill      XL: |  1  2  3  4  5  6  7  8  9 10 11 |
---------------+----------------------------------+-----
Stealth        | 3 |  3.0
Fighting       | 3 4 5 6 7 9 12 13 | 13.5
Dodging        | 1 2 |  2.1
Staves         | 1 3 4 5 |  5.0
Invocations    | 1 3 11 | 11.6
Spellcasting   | 2 4 5 |  5.0
Summonings     | 1 3 5 |  5.0
Throwing       | 3 |  3.2
Short Blades   | |  1.7
Polearms       | |  0.3
Conjurations   | |  0.9
Air Magic      | |  0.7
Poison Magic   | |  0.8

Action                   |  1- 3 |  4- 6 |  7- 9 | 10-12 || total
-------------------------+-------+-------+-------+-------++-------
Melee: Dagger            |   150 |     5 |       |       ||   155
       Quarterstaff      |       |   116 |   182 |   228 ||   526
       Spear             |       |       |     1 |       ||     1
       Halberd           |       |       |       |     8 ||     8
 Fire: Arbalest          |       |     1 |       |       ||     1
Throw: Dart              |       |     5 |    51 |    12 ||    68
       Boomerang         |       |       |       |    22 ||    22
 Cast: Call Imp          |       |     1 |     9 |    26 ||    36
       Call Canine Famil |       |       |     6 |    15 ||    21
Invok: Wall of Briars    |       |       |     2 |       ||     2
       Grow Ballistomyce |       |       |       |     1 ||     1
  Use: Scroll            |     4 |     3 |     1 |     6 ||    14
       Potion            |       |     2 |       |     1 ||     3
 Stab: Sleeping          |     4 |     4 |     1 |     2 ||    11
       Distracted        |       |       |     2 |       ||     2
       Betrayed ally     |       |       |       |     1 ||     1
Armor: Robe              |    51 |    41 |    26 |    42 ||   160
       Steam dragon scal |       |       |       |     9 ||     9
Dodge: Dodged            |    58 |    62 |    66 |   176 ||   362

Table legend: (Time is in decaauts)
 A = Elapsed time spent in this place.
 B = Non-inter-level travel time spent in this place.
 C = Inter-level travel time spent in this place.
 D = Time resting spent in this place.
 E = Time spent auto-exploring this place.
 F = Levels seen in this place.
 G = Mean time per level.
                   A        B        C        D        E       F      G
               +--------+--------+--------+--------+--------+-----+--------+
         Total |  16098 |  15539 |    559 |   4302 |   7915 |  11 | 1463.5 |
       Dungeon |  14038 |  13479 |    559 |   3326 |   7530 |   9 | 1559.8 |
         Sewer |    878 |    878 |      0 |    487 |    102 |   1 |  878.0 |
        Bailey |   1181 |   1181 |      0 |    489 |    283 |   1 | 1181.0 |
               +--------+--------+--------+--------+--------+-----+--------+

Top non-repeatable levels by time:
     D:5: 2914 daAuts
     D:4: 1760 daAuts
     D:6: 1609 daAuts
     D:8: 1516 daAuts
     D:7: 1435 daAuts
     D:2: 1406 daAuts
     D:9: 1202 daAuts
  Bailey: 1181 daAuts
     D:3: 1176 daAuts
     D:1: 1016 daAuts
   Sewer: 878 daAuts
